 Dungeon Crawl Stone Soup version 0.18-a0-1163-g98183fe (webtiles) character file.

56 TerapinKing the Cudgeler (level 4, -9/35 HPs)
             Began as a Human Berserker on Jan 24, 2016.
             Was a Follower of Trog.
             Killed from afar by Natasha (10 damage)
             ... with a wand of frost
             ... on level 2 of the Dungeon.
             The game lasted 00:11:27 (2275 turns).

TerapinKing the Cudgeler (Human Berserker)          Turns: 2275, Time: 00:11:27

Health: -9/35      AC:  8    Str: 18    XL:     4   Next: 15%
Magic:  4/4        EV:  8    Int:  7    God:    Trog [*.....]
Gold:   89         SH:  0    Dex: 13    Spells: 0 memorised, 3 levels left

rFire  . . .     SeeInvis +     k - +0 mace
rCold  . . .     Gourm    .     g - +0 chain mail
rNeg   . . .     Faith    .     (no shield)
rPois  .         Spirit   .     (no helmet)
rElec  .         Dismiss  .     (no cloak)
rCorr  .         Reflect  .     (no gloves)
SustAt .         Harm     .     (no boots)
MR     .....                    (no amulet)
Stlth  ..........               (no ring)
                                d - ring of see invisible

@: not resistant to hostile enchantments, extremely unstealthy
A: no striking features
a: Berserk, Burn Spellbooks, Renounce Religion


You were on level 2 of the Dungeon.
You worshipped Trog.
Trog was aware of your devotion.
You were not hungry.

You visited 1 branch of the dungeon, and saw 2 of its levels.

You collected 89 gold pieces.

Inventory:

Hand Weapons
 a - a +0 mace
 i - a +0 mace
 k - a +0 mace (weapon)
Armour
 b - a +0 animal skin
 g - a +0 chain mail (worn)
Jewellery
 d - a ring of see invisible (left hand)
Scrolls
 f - 2 scrolls of noise
 h - a scroll of remove curse
 o - a scroll of blinking {unknown}
Potions
 e - 2 potions of curing {unknown}
 j - a potion of cancellation {unknown}
 l - a potion of lignification {unknown}
 m - 2 potions of haste
 n - a potion of poison {unknown}
Comestibles
 c - a bread ration


   Skills:
 + Level 3.5 Fighting
 + Level 3.7 Maces & Flails
 + Level 2.1 Armour
 + Level 2.8 Dodging


You had 3 spell levels left.
You didn't know any spells.

Dungeon Overview and Level Annotations

Branches:
Dungeon (2/15)

Altars:

Annotations:
D:2 Natasha


Message History

The kobold shouts!
A rat comes into view.
Natasha, Servant of Life and Death comes into view.
Natasha hisses angrily.
Natasha mewls in sadness.
The kobold hits you but does no damage.
Natasha zaps a wand.
The puff of frost hits you!
It is a wand of frost.
You closely miss the kobold. The kobold hits you with a club.
A giant newt comes into view.
You miss the kobold. The kobold completely misses you.
Natasha zaps a wand.
The puff of frost hits you! The rat completely misses you.
You closely miss the rat. The kobold closely misses you.
Natasha zaps a wand.
The puff of frost hits you!
* * * LOW HITPOINT WARNING * * *
The rat barely misses you. The kobold barely misses you.
Natasha zaps a wand.
The puff of frost hits you!
* * * LOW HITPOINT WARNING * * *
Your chain mail prevents you from hitting the rat.
Natasha zaps a wand.
The puff of frost hits you!
You die...

..........# .......
..........# ##......
...........#####......
....###.....#.......#
. .....#
#...........###..
#......
................
#......
................
.....h..rK......
......##@######.
.......##.....## ....
...##.###.## ...
#..##.###.## ..
#..##.....## .# .
#..######.##.#
#...........#
##.#######..# #.# #.##


You could see Natasha, a kobold and a rat.

Vanquished Creatures
  Natasha (D:2)
  An ooze (D:1)
  A worm (D:2)
  2 giant cockroaches (D:1)
  4 goblins (D:1)
  A hobgoblin (D:1)
  4 jackals (D:2)
  3 kobolds
  2 bats (D:1)
  2 giant newts (D:1)
  4 rats (D:1)
25 creatures vanquished.

Vanquished Creatures (others)
  A rat (D:1)
1 creature vanquished.

Grand Total: 26 creatures vanquished

Notes
Turn   | Place    | Note
--------------------------------------------------------------
     0 | D:1      | TerapinKing the Human Berserker began the quest for the Orb.
     0 | D:1      | Reached XP level 1. HP: 18/18 MP: 1/1
   288 | D:1      | Reached XP level 2. HP: 22/24 MP: 2/2
  1004 | D:1      | Reached XP level 3. HP: 16/29 MP: 3/3
  1600 | D:2      | Noticed Natasha
  1617 | D:2      | HP: 1/29 [shadow imp[Natasha] (2)]
  1620 | D:2      | Killed Natasha
  1620 | D:2      | Reached XP level 4. HP: 2/35 MP: 4/4
  2268 | D:2      | Noticed Natasha
  2273 | D:2      | HP: 1/35 [Natasha/wand of frost (8)]
  2275 | D:2      | Killed from afar by Natasha

Vault maps used:
D:1:      minmay_arrival_four_circles, lemuel_old_faithful
D:2:      serial_bayou_ford_a, minmay_parallelograms, grunt_decor_resistance,
          uniq_natasha, uniq_robin

Action                   |  1- 3 |  4- 6 || total
-------------------------+-------+-------++-------
Melee: Mace              |    74 |    18 ||    92
  Use: Scroll            |     3 |     1 ||     4
  Eat: Bread ration      |     1 |       ||     1
       Pizza             |     1 |       ||     1
